 Dungeon Crawl Stone Soup version 0.30-b1-2-g02819fbbbe (webtiles) character file.

Game seed: 17606153596804227208

8 Alarkh the Trooper (level 2, 24/24 HPs)
             Began as a Demonspawn Chaos Knight on May 20, 2023.
             Was a Plaything of Xom.
             Got out of the dungeon alive.
             The game lasted 00:00:12 (196 turns).

Alarkh the Trooper (Demonspawn Chaos Knight)         Turns: 196, Time: 00:00:12

Health: 24/24      AC:  5    Str: 12    XL:     2   Next: 0%
Magic:  2/2        EV: 11    Int: 13    God:    Xom [..*...]
Gold:   27         SH:  0    Dex: 12    Spells: 1/1 levels left

rFire   . .          .
                       - Unarmed
rCold   . . .        (no shield)
rNeg    . . .        a - +2 leather armour
rPois   .            (no helmet)
rElec   .            (no cloak)
rCorr   .            (no gloves)
SInv    .            (no boots)
Will    .....        (no amulet)
Stlth   +            (no ring)
HPRegen 0.24/turn    (no ring)
MPRegen 0.08/turn

%: no passive effects
@: no status effects
A: hooves 1
a: Renounce Religion


You escaped.
You worshipped Xom.
You were a toy of Xom.
You visited 1 branch of the dungeon, and saw 1 of its levels.

You collected 27 gold pieces.

Inventory:

Armour
 a - a +2 leather armour (worn)
Scrolls
 d - a scroll of identify {unknown}
 e - a scroll of blinking {unknown}
 f - a scroll of enchant armour {unknown}
Potions
 c - 3 potions of brilliance {unknown}
Miscellaneous
 b - a piece from Xom's chessboard (15/15) (quivered)


   Skills:
 + Level 3.1 Fighting
 - Level 1.7 Armour
 - Level 0.8 Dodging
 * Level 3.1 Unarmed Combat


You had one spell level left.
You didn't know any spells.
Your spell library was empty.

Dungeon Overview and Level Annotations

Branches:
Dungeon (1/15)

Altars:


Innate Abilities, Weirdness & Mutations

You have large cloven feet.


Message History

You kill the bat!
You see here a bat corpse.
You hit the frilled lizard.
You kill the frilled lizard!
A rat comes into view.
Found a Trismegistus Codex.
The kobold hits you with a +0 dagger.
You hit the rat but do no damage. The kobold hits you but does no damage.
The rat barely misses you.
You hit the rat.
You kill the rat!
The kobold misses you.
Your Unarmed Combat skill increases to level 3!
You hit the kobold but do no damage. The kobold barely misses you.
You hit the rat.
The rat is moderately wounded.
The rat bites you but does no damage. The kobold closely misses you.
You closely miss the rat.
The rat is moderately wounded.
You hit the rat but do no damage.
The rat is moderately wounded.
The kobold closely misses you. The rat misses you.
You hit the rat.
You kill the rat!
The kobold hits you but does no damage.
You hit the kobold but do no damage. The kobold barely misses you.
You hit the kobold.
You kill the kobold!
You have reached level 2!
You feel monstrous as your demonic heritage exerts itself.
Your demonic ancestry asserts itself...
Your feet thicken and deform.
Unknown command.
You see here a bat corpse.
Found a mace.
You see here a +0 mace.
Found a stone staircase leading down.
Found a scroll labelled GOKOGE LOLIU.
There is a staircase leading out of the dungeon here.
Are you sure you want to leave the Dungeon?
This will make you lose the game!
You have escaped!

......).............#.)♣....##
##..##..............#.........
#.......≈≈≈.≈≈≈.....#.......
#..#...≈≈....♣≈≈........)...
#.##..≈≈....8..≈≈...#.......
####. #.≈≈.........≈≈..........
.....##.≈.....♣.....≈..#.......
........≈..8........≈..#.......
......#.≈≈....@.8..≈≈..#.......
..?...#..≈≈....♣..≈≈...#.......
.......$..≈≈.....≈≈....########
...>.......≈≈≈≈≈≈≈....##
.......###...........##
.......##............#
............########.##
#......#.##.#### #..#
...#.........(.## ##.#####


There were no monsters in sight!

Vanquished Creatures
  A giant cockroach (D:1)
  3 kobolds (D:1)
  A bat (D:1)
  A frilled lizard (D:1)
  3 rats (D:1)
9 creatures vanquished.

Notes
Turn   | Place    | Note
-------+----------+-------------------------------------------
     0 | D:1      | Alarkh the Demonspawn Chaos Knight began the quest for the
                  | Orb.
     0 | D:1      | Reached XP level 1. HP: 18/18 MP: 1/1
   155 | D:1      | Discovered your monstrous ancestry.
   155 | D:1      | Gained mutation: You have large cloven feet. [demonic
                  | ancestry]
   155 | D:1      | Reached XP level 2. HP: 24/24 MP: 2/2
   196 | D:$      | Got out of the dungeon alive.

Illustrated notes

Levels and vault maps discovered:
D:1:      moated_graveyard_arrival, layout_rooms, minmay_door_square,
          minivault_27, minivault_24, serial_park_tiny_2

Skill      XL: |  1 |
---------------+----+-----
Unarmed Combat | 3 |  3.1
Fighting       | |  3.1
Armour         | |  1.7
Dodging        | |  0.8

Action                     || total
---------------------------++-------
  Melee: Unarmed           ||    28
 Armour: Leather armour    ||    11
  Dodge: Dodged            ||    15
